AoeStats
← TempS

Arabia

509075237Analyzed
1v1 RM · 8d ago on Sep 25, 2026· 50m 9s· 2 players
Game mode
Random Map
Map size
Tiny (2 player)
Population
200
Speed
Normal
Resources
Standard
Victory
Conquest
Starting age
Dark Age
Ending age
Imperial Age
RankedLock teamsTeams togetherTeam positionsShared explorationLock speedFull tech treeHidden civsTurbo modeCheats
Victory
Defeat
🇸🇪 Sicilians · Sweden
676
+16
🇮🇹 Burgundians · Italy
678
-16
TempS
6:39 Loom
11:37 Feudal Age
12:33 Horse Collar
12:41 Double-Bit Axe
13:47 Wheelbarrow
15:46 Fletching
19:51 Castle Age
19:32 Padded Archer Armor
19:35 Scale Mail Armor
20:10 Gold Mining
20:16 Crossbowman
23:43 Bow Saw
25:48 Gold Shaft Mining
25:29 Town Watch
27:45 Pikeman
29:39 Bodkin Arrow
30:00 Leather Archer Armor
31:04 Ballistics
31:18 Hand Cart
31:30 Stone Mining
32:16 Squires
32:06 Arson
38:22 Imperial Age
36:39 Chain Mail Armor
36:37 Forging
36:43 Heavy Plow
39:02 Town Patrol
38:42 Halberdier
39:27 Bracer
40:02 Plate Mail Armor
40:36 Chemistry
39:15 Arbalester
41:26 Conscription
41:23 Elite Serjeant
42:56 Hoardings
43:28 Iron Casting
43:14 Arrowslits
43:26 Murder Holes
43:42 Masonry
44:09 Capped Ram
49:42 Stone Shaft Mining
50:07 Siege Ram
baobabbio96
11:13 Feudal Age
9:28 Loom
9:47 Double-Bit Axe
9:45 Horse Collar
12:28 Bow Saw
14:31 Man-at-Arms
15:20 Arson
18:16 Heavy Plow
19:31 Gold Mining
22:18 Castle Age
22:01 Gold Shaft Mining
21:49 Forging
21:46 Scale Barding Armor
21:32 Town Watch
22:40 Cavalier
23:23 Husbandry
23:38 Squires
23:01 Long Swordsman
25:45 Stone Mining
26:10 Fletching
26:20 Padded Archer Armor
27:58 Stone Shaft Mining
27:10 Elite Skirmisher
31:36 Chain Barding Armor
31:52 Iron Casting
33:46 Ballistics
37:58 Imperial Age
36:44 Scale Mail Armor
37:00 Leather Archer Armor
36:41 Bodkin Arrow
39:46 Chemistry
39:22 Conscription
38:29 Paladin
40:23 Two-Handed Swordsman
41:40 Chain Mail Armor
44:43 Two-Man Saw
44:18 Crop Rotation
44:58 Burgundian Vineyards
47:44 Champion
50:24 Blast Furnace
49:55 Plate Mail Armor
50:01 Plate Barding Armor
49:27 Bracer
50:29 Hoardings
Connection lost

Rejoining the realm…

Still unreachable

The connection could not be restored.

Session expired

The server has moved on; the page needs a fresh start.